 Dungeon Crawl Stone Soup version 0.29-a0-609-gb56f46d856 (webtiles) character file.

Game seed: 7887904304344570537

562 Querens the Covered (level 7, -6/60 HPs)
             Began as a Meteoran Fighter on June 16, 2022.
             Mangled by an orc warrior
             ... wielding a +0 scimitar
              (7 damage)
             ... on level 5 of the Dungeon.
             The game lasted 00:08:17 (2717 turns).

Querens the Covered (Meteoran Fighter)              Turns: 2717, Time: 00:08:17

Health: -6/60      AC:  8    Str: 25    XL:     7   Next: 89%
Magic:  8/8        EV: 11    Int: 11    God:
Gold:   281        SH:  5    Dex: 13    Spells: 6/6 levels left

rFire   . . .      SeeInvis .   a - +0 war axe
rCold   + . .      Faith    .   c - +0 buckler
rNeg    + . .      Spirit   .   b - +0 scale mail
rPois   .          Reflect  .   p - +0 helmet
rElec   .          Harm     .   (no cloak)
rCorr   .          Rampage  .   (no gloves)
Will    .....                   (no boots)
Stlth   ..........              (no amulet)
HPRegen 0.20/turn               j - +6 ring of strength
MPRegen 0.11/turn               r - ring of positive energy

@: mighty, glowing
A: sense surroundings 1, otherworldly, glowing, explore regen, talons 1, cold
resistance 1
a: no special abilities


You were on level 5 of the Dungeon.
You visited 1 branch of the dungeon, and saw 5 of its levels.

You collected 281 gold pieces.

Inventory:

Hand Weapons
 a - a +0 war axe (weapon)
Armour
 b - a +0 scale mail (worn)
 c - a +0 buckler (worn)
 p - a +0 helmet (worn)
Jewellery
 j - a +6 ring of strength (left hand)
 r - a ring of positive energy (right hand)
Wands
 o - a wand of flame (9)
Scrolls
 e - 5 scrolls of identify {unknown}
 f - 3 scrolls of teleportation {unknown}
 h - a scroll of amnesia {unknown}
 m - 3 scrolls of fear {unknown}
 n - 2 scrolls of vulnerability {unknown}
Potions
 g - a potion of mutation
 i - 2 potions of curing {unknown}
 k - a potion of heal wounds {unknown}
 l - a potion of brilliance {unknown}
 q - a potion of flight {unknown}


   Skills:
 + Level 4.9 Fighting
 + Level 4.7 Axes
 + Level 5.4 Armour
 + Level 3.5 Dodging
 + Level 5.4 Shields


You had 6 spell levels left.
You didn't know any spells.
Your spell library contained the following spells:

 Spells                   Type           Power      Damage    Failure   Level
 Sandblast                Erth           0%         2d4       71%         1
 Sting                    Tmut/Pois      0%         1d3       71%         1
 Passwall                 Tmut/Erth      0%         N/A       83%         2
 Poisonous Vapours        Pois/Air       0%         N/A       83%         2
 Stone Arrow              Conj/Erth      0%         3d7       97%         3
 Olgreb's Toxic Radiance  Pois           0%         N/A       100%        4
 Borgnjor's Revivificati  Necr           0%         N/A       100%        8
 Necromutation            Tmut/Necr      0%         N/A       100%        8
 Death's Door             Necr           0%         N/A       100%        9


Dungeon Overview and Level Annotations

Branches:
Dungeon (5/15) Zot: 386
 Temple: D:4-7

Altars:
Ashenzari
Uskayaw
Zin

Annotations:
D:3 2 transporters, 1 runed translucent door, Gnollga's ghost, weakling MeFi


Innate Abilities, Weirdness & Mutations

You passively map a small area around you.
You are easily found by Zot.
You glow in the dark.
You regain HP and MP as you explore.
You have sharp toenails.
Your flesh is cold resistant. (rC+)


Message History

Found a dagger.
An orc comes into view. It is wielding a +0 dagger.
The orc shouts!
You hear a shout!
An orc warrior comes into view. It is wielding a +0 scimitar.
An ogre comes into view. It is wielding a +0 giant club.
You hit the orc but do no damage. You block the orc's attack.
An orc comes into view. It is wielding a +1 flail of draining.
Okay, then.
Okay, then.
You feel very mighty all of a sudden.
You hit the orc warrior.
The orc warrior is lightly wounded.
You barely miss the ogre. You closely miss the orc.
The ogre hits you with a +0 giant club!!
The orc hits you but does no damage.
The orc warrior hits you with a +0 scimitar!
A quokka comes into view.
Unknown command.
You closely miss the ogre. You slash the orc!
You kill the orc!
You slash the orc warrior! The orc warrior completely misses you.
The ogre hits you with a +0 giant club!
Unknown command.
Unknown command.
You slice the ogre!!
The ogre is severely wounded.
You barely miss the orc warrior. You slash the orc!
You kill the orc!
The orc warrior hits you with a +0 scimitar.
* * * LOW HITPOINT WARNING * * *
The ogre hits you with a +0 giant club.
* * * LOW HITPOINT WARNING * * *
The orc warrior hits you with a +0 scimitar!
* * * LOW HITPOINT WARNING * * *
Unknown command.
It was a potion of mutation.
You feel extremely strange.
You feel resistant to cold.
You feel frail.
You feel robust.
Your toenails lengthen and sharpen.
The orc warrior hits you with a +0 scimitar!
You die...

..## # ..# ...# #.# ,#. ,
...# #.#,* # #####..##
### #..#* *#....... ,..#
#.#.# # .....# #.#
#.##.#. * ,** #...# #.#
#.###.# ##.##.o)#
#.#####.#.... * *
.......O@####.##......#.#
.##.#..r..........#.###.#
# #...................#
,.....)......###.#######
*############# ###


You could see an orc warrior, an ogre and a quokka.

Vanquished Creatures
  Grinder (D:3)
  An ogre (D:5)
  A scorpion (D:4)
  Robin (D:4)
  4 gnolls (D:4)
  7 adders
  3 worms
  4 dart slugs
  10 orcs
  6 ball pythons
  10 bats
  7 endoplasms
  3 giant cockroaches (D:3)
  15 goblins
  4 hobgoblins
  9 kobolds
  3 quokkas
  2 frilled lizards
  3 rats
94 creatures vanquished.

Vanquished Creatures (others)
  12 plants (D:5)
12 creatures vanquished.

Grand Total: 106 creatures vanquished

Notes
Turn   | Place    | Note
-------+----------+-------------------------------------------
     0 | D:1      | Querens the Meteoran Fighter began the quest for the Orb.
     0 | D:1      | Reached XP level 1. HP: 19/19 MP: 2/2
   219 | D:1      | Reached XP level 2. HP: 26/26 MP: 3/3
   264 | D:1      | Found a faded altar of an unknown god.
   581 | D:2      | Reached XP level 3. HP: 31/31 MP: 4/4
   757 | D:2      | Reached skill level 1 in Dodging
   801 | D:2      | Reached XP level 4. HP: 26/40 MP: 5/5
  1010 | D:2      | Reached XP level 5. HP: 43/46 MP: 6/6
  1053 | D:2      | Glimpsed the power of Zot.
  1103 | D:2      | Glimpsed the power of Zot.
  1143 | D:2      | Glimpsed the power of Zot.
  1152 | D:2      | Glimpsed the power of Zot.
  1153 | D:2      | Touched by the power of Zot.
  1512 | D:3      | Found a transporter.
  1558 | D:3      | Found a transporter.
  1668 | D:3      | Found a runed translucent door.
  1670 | D:3      | Noticed Gnollga's ghost (weakling MeFi)
  1719 | D:3      | Noticed Grinder
  1733 | D:3      | Paralysed by Grinder for 2 turns
  1739 | D:3      | Killed Grinder
  1740 | D:3      | Reached skill level 5 in Armour
  1740 | D:3      | Reached skill level 5 in Shields
  1740 | D:3      | Reached XP level 6. HP: 19/53 MP: 7/7
  1740 | D:3      | Reached XP level 7. HP: 22/60 MP: 8/8
  1837 | D:3      | Glimpsed the power of Zot.
  1877 | D:4      | You fall into a shaft and drop 1 floor!
  1877 | D:5      | Entered Level 5 of the Dungeon
  1905 | D:4      | Noticed Robin
  1923 | D:4      | Killed Robin
  1948 | D:4      | Found a hide-covered altar of Uskayaw.
  2175 | D:4      | Found a glowing silver altar of Zin.
  2404 | D:4      | Found a broken altar of Ashenzari.
  2716 | D:5      | HP: 1/60 [orc warrior/+0 scimitar (13)]
  2717 | D:5      | Gained mutation: Your flesh is cold resistant. (rC+)
                  | [potion of mutation]
  2717 | D:5      | Gained mutation: You are frail. (-10% HP) [potion of
                  | mutation]
  2717 | D:5      | Lost mutation: You are frail. (-10% HP) [potion of
                  | mutation]
  2717 | D:5      | Gained mutation: You have sharp toenails. [potion of
                  | mutation]
  2717 | D:5      | Mangled by an orc warrior

Illustrated notes

Levels and vault maps discovered:
D:1:      tarquinn_simple_flora_water_f, layout_loops_ring,
          basic_ecumenical_altar, minmay_tall_x
D:2:      minmay_diamond_boxcup, layout_loops_ring, minmay_pentomino_t2
D:3:      gammafunk_steamed_eel, layout_loops_corners, ebering_ghost_sewer_d,
          uniq_grinder
D:4:      minmay_wonky_spiral, layout_basic, zin_academy,
          mainiacjoe_overflow_alcove_2, ashenzari_conservatory_becter,
          uniq_robin
D:5:      layout_loops_ring, serial_bayou_lagoon_b

Skill      XL: |  1  2  3  4  5  6  7 |
---------------+----------------------+-----
Armour         | 4 5 |  5.4
Shields        | 4 5 |  5.4
Axes           | 3 4 |  4.7
Dodging        | 1 2 3 |  3.5
Fighting       | 4 |  4.9

Action                   |  1- 3 |  4- 6 |  7- 9 || total
-------------------------+-------+-------+-------++-------
Melee: War axe           |    74 |    94 |    99 ||   267
Evoke: Wand              |       |     2 |     5 ||     7
  Use: Potion            |       |     1 |     2 ||     3
Armor: Scale mail        |    60 |    65 |    38 ||   163
Dodge: Dodged            |    40 |    45 |    46 ||   131
Block: Buckler           |    22 |    25 |    30 ||    77

Table legend: (Time is in decaauts)
 A = Elapsed time spent in this place.
 B = Non-inter-level travel time spent in this place.
 C = Inter-level travel time spent in this place.
 D = Time resting spent in this place.
 E = Time spent auto-exploring this place.
 F = Levels seen in this place.
 G = Mean time per level.
                   A        B        C        D        E       F      G
               +--------+--------+--------+--------+--------+-----+--------+
         Total |   2813 |   2608 |    205 |      0 |      0 |   5 |  562.6 |
       Dungeon |   2813 |   2608 |    205 |      0 |      0 |   5 |  562.6 |
               +--------+--------+--------+--------+--------+-----+--------+

Top non-repeatable levels by time:
     D:4: 755 daAuts
     D:3: 739 daAuts
     D:2: 714 daAuts
     D:1: 487 daAuts
     D:5: 117 daAuts
